 Dungeon Crawl Stone Soup version 0.31.0-32-g396128a36d (webtiles) character file.

Game seed: 1025440757169438758

74 monsoonserge the Ruffian (level 4, -1/31 HPs)
             Began as an Octopode Fighter on Mar 13, 2024.
             Slain by an orc
             ... wielding a +0 hand axe
              (7 damage)
             ... on level 3 of the Dungeon.
             The game lasted 00:03:06 (1324 turns).

monsoonserge the Ruffian (Octopode Fighter)         Turns: 1324, Time: 00:03:06

Health: -1/31      AC:  1    Str: 17    XL:     4   Next: 30%
Magic:  4/4        EV: 13    Int: 10    God:
Gold:   121        SH:  4    Dex: 11    Spells: 3/3 levels left

rFire   . .          .
                       - Unarmed
rCold   . . .        a - +0 buckler
rNeg    . . .        (helmet restricted)
rPois   .            (no amulet)
rElec   .            (no ring)
rCorr   .            (no ring)
SInv    .            (no ring)
Will    .....        (no ring)
Stlth   +++          (no ring)
HPRegen 0.25/turn    (no ring)
MPRegen 0.09/turn    (no ring)
                     (no ring)

%: no passive effects
@: no status effects
A: almost no armour, amphibious, 8 rings, camouflage 1, gelatinous body 1,
(nimble swimmer 1), tentacles
a: no special abilities


You were on level 3 of the Dungeon.
You visited 1 branch of the dungeon, and saw 3 of its levels.

You collected 121 gold pieces.

Inventory:

Missiles
 c - 8 poisoned darts (quivered)
 f - 8 boomerangs
Armour
 a - a +0 buckler (worn)
Scrolls
 g - 2 scrolls of identify {unknown}
 h - a scroll of fear {unknown}
 j - 2 scrolls of revelation {unknown}
 k - a scroll of immolation {unknown}
Potions
 b - 2 potions of might
 d - 2 potions of heal wounds {unknown}
 e - 3 potions of attraction {unknown}
 i - a potion of cancellation {unknown}


   Skills:
 - Level 3.0 Fighting
 - Level 3.0 Dodging
 + Level 2.3 Stealth
 - Level 3.0 Shields
 * Level 4.0 Unarmed Combat


You had 3 spell levels left.
You didn't know any spells.
Your spell library was empty.

Dungeon Overview and Level Annotations

Branches:
Dungeon (3/15)

Altars:


Innate Abilities, Weirdness & Mutations

You cannot wear most types of armour.
You are amphibious.
You can wear up to eight rings at the same time.
Your skin changes colour to match your surroundings (Stealth+).
Your rubbery body absorbs attacks. (AC +1, EV +1)
((You are camouflaged when in or above water. (Stealth+)))
You have tentacles for arms and can constrict up to eight enemies at once.


Message History

You tentacle-slap the ball python. Your grab misses the ball python.
Your squeeze misses the ball python.
The ball python is severely wounded.
You block the ball python's attack. The ball python closely misses you.
You tentacle-slap the ball python.
You kill the ball python!
The bat closely misses you.
You closely miss the bat. Your grab misses the bat. The bat misses you.
An orc priest comes into view. It is wielding a +0 war axe.
The bat misses you.
You barely miss the bat. You grab the bat. You constrict the bat.
You kill the bat!
The orc priest shouts!
The orc shouts!
The orc priest invokes the aid of Beogh against you.
Beogh smites you!
Found 3 scrolls labelled WUESKA LUOLA.
The orc shouts!
You tentacle-slap the orc priest. You grab the orc priest.
The orc priest is heavily wounded.
You constrict the orc priest. The orc priest completely misses you.
The orc priest mumbles some strange prayers to Beogh against you.
Pain shoots through your body!
Unknown command.
You tentacle-slap the orc. Your grab misses the orc.
The orc is almost dead.
You constrict the orc priest. The orc closely misses you.
You block the orc priest's attack.
You closely miss the orc. You grab the orc. You squeeze the orc.
You kill the orc!
You constrict the orc priest.
The orc priest mumbles some strange prayers to Beogh against you.
Beogh smites you!
* * * LOW HITPOINT WARNING * * *
The orc priest casts a cantrip, but nothing happens.
You tentacle-slap the orc. You grab the orc.
The orc is moderately wounded.
You constrict the orc. You constrict the orc priest.
You kill the orc priest!
The orc hits you with a +0 hand axe!
You die...

#...##.# ###....# .# .#
#.#### ###.###.## #.#
##......... ####.#
##.......... #....#
#........... #.####
#.....o..... #.#
###...o.......
##.########.....@)..$...
............#..........?
##############..........
##......... ##########


You could see an orc priest and an orc.

Vanquished Creatures
  An orc priest (D:3)
  2 adders (D:2)
  3 ribbon worms
  2 dart slugs (D:2)
  4 orcs (D:3)
  3 endoplasms
  4 giant cockroaches
  5 goblins
  A quokka (D:2)
  8 ball pythons
  5 bats
  2 frilled lizards
  2 kobolds (D:1)
42 creatures vanquished.

Notes
Turn   | Place    | Note
-------+----------+-------------------------------------------
     0 | D:1      | monsoonserge the Octopode Fighter began the quest for the
                  | Orb.
     0 | D:1      | Reached XP level 1. HP: 16/16 MP: 1/1
   304 | D:1      | You fall into a shaft and drop 1 floor!
   315 | D:2      | Reached skill level 3 in Unarmed Combat
   315 | D:2      | Reached XP level 2. HP: 21/21 MP: 2/2
   332 | D:2      | Reached skill level 1 in Stealth
   479 | D:2      | Reached XP level 3. HP: 23/26 MP: 3/3
  1146 | D:3      | Reached XP level 4. HP: 30/31 MP: 4/4
  1224 | D:3      | Reached skill level 4 in Unarmed Combat
  1324 | D:3      | Slain by an orc

Illustrated notes

Levels and vault maps discovered:
D:1:      amcnicky_arrival_choice, layout_loops_corners,
          ebering_ecumenical_altar_rust
D:2:      layout_basic, minmay_close_crescents
D:3:      layout_rooms

Skill      XL: |  1  2  3  4 |
---------------+-------------+-----
Unarmed Combat | 3 4 |  4.0
Stealth        | 1 2 |  2.3
Fighting       | |  3.0
Dodging        | |  3.0
Shields        | |  3.0

Action                     |  1- 3 |  4- 6 || total
---------------------------+-------+-------++-------
  Melee: Unarmed           |    47 |    26 ||    73
         Constrict         |    15 |     9 ||    24
         Tentacles         |    14 |     4 ||    18
         Punch             |     2 |       ||     2
  Throw: Dart              |     1 |       ||     1
   Stab: Sleeping          |     6 |     4 ||    10
 Armour: Skin              |    15 |    10 ||    25
  Dodge: Dodged            |    20 |    19 ||    39
  Block: Buckler           |    13 |     3 ||    16
